 Dungeon Crawl Stone Soup version 0.27-a0-1140-g099f9bb0e8 (webtiles) character file.

Game seed: 14940572537041692441

80 DasRunzen the Slasher (level 4, 0/34 HPs)
             Began as a Demonspawn Gladiator on May 10, 2021.
             Killed from afar by an orc wizard (5 damage)
             ... with a magic dart
             ... on level 3 of the Dungeon.
             The game lasted 00:03:20 (2336 turns).

DasRunzen the Slasher (Demonspawn Gladiator)        Turns: 2336, Time: 00:03:22

Health: 0/34       AC:  8    Str: 14    XL:     4   Next: 18%
Magic:  4/4        EV: 12    Int: 10    God:
Gold:   58         SH:  4    Dex: 15    Spells: 3/3 levels left

rFire    . . .     SeeInvis .   a - +0 long sword
rCold    . . .     Faith    .   (no shield)
rNeg     + . .     Spirit   .   b - +0 leather armour
rPois    .         Reflect  .   e - +2 helmet
rElec    .         Harm     .   k - +1 cloak
rCorr    .         Rampage  .   (no gloves)
Will     .....                  (no boots)
Stlth    +.........             (no amulet)
HPRegen  0.11/turn              h - ring of positive energy
MPRegen  0.09/turn              (no ring)

@: no status effects
A: large bone plates 1
a: no special abilities


You were on level 3 of the Dungeon.
You visited 1 branch of the dungeon, and saw 3 of its levels.

You collected 58 gold pieces.

Inventory:

Hand Weapons
 a - a +0 long sword (weapon)
Missiles
 d - 3 throwing nets (quivered)
Armour
 b - a +0 leather armour (worn)
 e - a +2 helmet (worn)
 k - a +1 cloak (worn)
Jewellery
 h - a ring of positive energy (left hand)
Wands
 m - a wand of mindburst (12)
Scrolls
 g - a scroll of magic mapping {unknown}
 i - 2 scrolls of identify {unknown}
 l - a scroll of fog
Potions
 c - a potion of heal wounds {unknown}
 f - a potion of curing
 j - 2 potions of haste {unknown}


   Skills:
 + Level 2.8 Fighting
 + Level 3.3 Long Blades
 - Level 1.7 Throwing
 + Level 1.4 Armour
 + Level 3.2 Dodging


You had 3 spell levels left.
You didn't know any spells.
Your spell library was empty.

Dungeon Overview and Level Annotations

Branches:
Dungeon (3/15)

Altars:
Fedhas


Innate Abilities, Weirdness & Mutations

You are partially covered in large bone plates. (SH +4)


Message History

You miss something. Something completely misses you.
You barely miss something. The orc hits you with a +0 war axe!
Something hits you but does no damage.
You hit the orc but do no damage.
The orc is lightly wounded.
The orc closely misses you.
You hear some strange, mumbled words.
A magic dart appears from out of thin air!
The magic dart hits you!
You barely miss something. The orc hits you with a +0 war axe!
Something hits you.
* * * LOW HITPOINT WARNING * * *
The orc closely misses you.
Unknown command.
You hit something but do no damage. Something hits you.
* * * LOW HITPOINT WARNING * * *
The orc hits you but does no damage. Something hits you.
* * * LOW HITPOINT WARNING * * *
Unknown command.
You closely miss something. The orc barely misses you.
Something barely misses you.
Unknown command.
It was a potion of curing.
You feel better. The orc hits you with a +0 war axe.
Something hits you but does no damage.
You closely miss something. You block the orc's attack. Something hits you.
* * * LOW HITPOINT WARNING * * *
The orc hits you with a +0 war axe.
* * * LOW HITPOINT WARNING * * *
Unknown command.
You slash something! Something hits you but does no damage.
The orc barely misses you.
You riposte.
You closely miss the orc.
The orc is lightly wounded.
You hit something.
You hear some strange, mumbled words.
A puff of flame appears from out of thin air!
The puff of flame misses you. The orc closely misses you.
You hear some strange, mumbled words.
A magic dart appears from out of thin air!
The magic dart hits you.
You die...

#################
### ..# ###.###
.....#
#.###.#.#.# #
#....o))..# ≈≈
..######@#.### ##
.....>.{.#o# #
#.###.#.##.. #.#
# #.# #.. ...#
#.# .## #####..##
#.# .# #.. .....
#.# .# #.# #..##
#.# #.# #..## #.#
#.# #..##


You could see an orc.

Vanquished Creatures
  An adder (D:2)
  A dart slug (D:1)
  2 orcs (D:3)
  3 ball pythons
  10 endoplasms
  2 giant cockroaches (D:2)
  4 goblins
  3 hobgoblins
  8 jackals (D:1)
  2 quokkas (D:1)
  7 bats
  5 frilled lizards
  6 kobolds
  4 rats
58 creatures vanquished.

Notes
Turn   | Place    | Note
-------+----------+-------------------------------------------
     0 | D:1      | DasRunzen the Demonspawn Gladiator began the quest for the
                  | Orb.
     0 | D:1      | Reached XP level 1. HP: 16/16 MP: 1/1
   344 | D:1      | Gained mutation: You are partially covered in large bone
                  | plates. (SH +4) [demonic ancestry]
   344 | D:1      | Reached XP level 2. HP: 22/22 MP: 2/2
   589 | D:1      | Reached skill level 1 in Armour
   592 | D:1      | Reached XP level 3. HP: 27/28 MP: 3/3
  1685 | D:2      | Reached XP level 4. HP: 34/34 MP: 4/4
  2112 | D:3      | Found a blossoming altar of Fedhas.
  2336 | D:3      | Killed from afar by an orc wizard

Illustrated notes

Levels and vault maps discovered:
D:1:      elethiomel_arrival_quiet, layout_basic
D:2:      layout_loops_ring, st_stairs_14, grunt_decor_clamped,
          minmay_tetromino_s4
D:3:      layout_loops_ring, nicolae_vehumet_altar_sigil,
          lemuel_coloured_pillars_altar, chequers_serial_rivers_large_a

Skill      XL: |  1  2 |
---------------+-------+-----
Dodging        | 3 |  3.2
Long Blades    | 3 |  3.3
Armour         | 1 |  1.4
Fighting       | |  2.8
Throwing       | |  1.7

Action                   |  1- 3 |  4- 6 || total
-------------------------+-------+-------++-------
Melee: Long sword        |   105 |    31 ||   136
  Use: Scroll            |     2 |     3 ||     5
       Potion            |       |     1 ||     1
 Stab: Sleeping          |     2 |       ||     2
Armor: Leather armour    |    31 |    12 ||    43
Dodge: Dodged            |    79 |    21 ||   100
Block: Other             |    13 |     5 ||    18
       Rpst.: Long sword |    32 |     6 ||    38

Table legend: (Time is in decaauts)
 A = Elapsed time spent in this place.
 B = Non-inter-level travel time spent in this place.
 C = Inter-level travel time spent in this place.
 D = Time resting spent in this place.
 E = Time spent auto-exploring this place.
 F = Levels seen in this place.
 G = Mean time per level.
                   A        B        C        D        E       F      G
               +--------+--------+--------+--------+--------+-----+--------+
         Total |   2373 |   2322 |     51 |    294 |   1643 |   3 |  791.0 |
       Dungeon |   2373 |   2322 |     51 |    294 |   1643 |   3 |  791.0 |
               +--------+--------+--------+--------+--------+-----+--------+

Top non-repeatable levels by time:
     D:1: 1059 daAuts
     D:2: 1007 daAuts
     D:3: 306 daAuts
